 Dungeon Sprint DCSS version 0.19-a0-607-g42021f0 (webtiles) character file.

7900000 gallo the Conqueror (level 27, -17/273 HPs)
             Began as a Minotaur Fighter on June 12, 2016.
             Was the Champion of Makhleb.
             Killed by the air
             ... invoked by a tyrant
              (41 damage)
             ... in the Dungeon (Sprint VIII: "Arena of Blood").
             The game lasted 00:08:53 (79 turns).

gallo the Conqueror (Minotaur Fighter)                Turns: 79, Time: 00:08:55

Health: -17/273    AC: 13    Str: 26    XL:     27
Magic:  30/53      EV: 31    Int:  5    God:    Makhleb [******]
Gold:   0          SH:  0    Dex: 18    Spells: 0 memorised, 80 levels left

rFire  . . .     SeeInvis .     k - +∞ Axe of Woe
rCold  . . .     Gourm    .     a - +0 scale mail
rNeg   . . .     Faith    .     (shield currently unavailable)
rPois  .         Spirit   .     (helmet restricted)
rElec  .         Dismiss  .     (no cloak)
rCorr  .         Reflect  .     (no gloves)
SustAt .         Harm     .     (no boots)
MR     ++...     NoTele   +     (no amulet)
Stlth  +++++++...               (no ring)
                                (no ring)

@: very resistant to hostile enchantments, extremely stealthy
A: retaliatory headbutt, horns 2
a: Minor Destruction, Lesser Servant of Makhleb, Major Destruction, Greater
Servant of Makhleb, Renounce Religion


You were in the Dungeon.
You worshipped Makhleb.
Makhleb was exalted by your worship.
You were not hungry.

You visited 1 branch

Inventory:

Hand Weapons
 k - the +∞ Axe of Woe (weapon)
   (You found it in the Dungeon)
Armour
 a - a +0 scale mail (worn)
 b - a +0 shield
Scrolls
 j - a scroll of blinking
Potions
 c - a potion of might
 e - a potion of curing
 f - a potion of heal wounds
 g - a potion of haste
 h - 2 potions of magic
 i - a potion of berserk rage
Comestibles
 d - a bread ration


   Skills:
 O Level 27 Fighting
 O Level 27 Axes
 O Level 27 Throwing
 O Level 27 Armour
 O Level 27 Dodging
 O Level 27 Stealth
 O Level 27 Shields
 O Level 27 Unarmed Combat
 O Level 27 Spellcasting
 O Level 27 Invocations


You had 80 spell levels left.
You didn't know any spells.

Dungeon Overview and Level Annotations

Branches:
Dungeon (1/1)

Altars:
Makhleb


Innate Abilities, Weirdness & Mutations

You reflexively headbutt those who attack you in melee.
You have a pair of horns on your head.


Message History

You hit the meat berserker.
You hew the meat berserker savagely.
You kill the meat berserker!
Makhleb accepts your kill.
You feel better.
You hear a shout!
The dread calls on the powers of darkness!
The bag of meat convulses!
Your body is wracked with pain!
* * * LOW HITPOINT WARNING * * *
The bag of meat convulses! x5; The large bag of meat convulses!
The meat berserker convulses!
The accursed gestures at you while chanting.
Something smites you!
* * * LOW HITPOINT WARNING * * *
The dread calls on the powers of darkness!
The bag of meat convulses! x2; Your body is wracked with pain!
* * * LOW HITPOINT WARNING * * *
The bag of meat convulses! x5
The tyrant waves its bony arms in wide circles.
The air twists around and strikes you!
You die...

....... .........
#...... #.......#
...#... #..oo...#
#......###.... ..###.
...........W###......
....#..W....._.....
..#.W...2.#.....#
.......@))#_.<._# .
..#...%X)W#§))..#....
....#...LMo.%_.......
.%..%.%..oXo###......
...%...###ooo%...###.
.....O. #C.X....#
....... #X.%....#
#.....X .X..%.... .#.
.....%.%...


You could see an accursed, a meat beast, a tyrant, a large bag of meat (inner
flame), 4 large abominations, 4 dreads, a meat berserker (berserk) and 8 bags of
meat.

Vanquished Creatures
  2 hell beasts (D)
  A greater mummy (D)
  15 vampire knights (D)
  28 ogres (D)
  69 orcs (D)
  7 hill giants (D)
  3 skeletal warriors (D)
  5 large abominations (D)
  A small abomination (D)
  4 crawling corpses (D)
135 creatures vanquished.

Vanquished Creatures (collateral kills)
  A crawling corpse (D)
1 creature vanquished.

Vanquished Creatures (others)
  A small abomination (D)
  6 crawling corpses (D)
7 creatures vanquished.

Grand Total: 143 creatures vanquished

Notes
Turn   | Place    | Note
--------------------------------------------------------------
     0 | D        | gallo the Minotaur Fighter began the quest for the Orb.
     0 | D        | Reached XP level 1. HP: 19/19 MP: 0/0
     2 | D        | Noticed a bag of meat
     5 | D        | Noticed a bag of meat
     5 | D        | Noticed a bag of meat
     6 | D        | Noticed a bag of meat
     8 | D        | Noticed a bag of meat
     9 | D        | Noticed a meat berserker
     9 | D        | Became a worshipper of Makhleb the Destroyer
    11 | D        | Killed a bag of meat
    11 | D        | Reached XP level 2. HP: 53/53 MP: 1/1
    11 | D        | Reached XP level 3. HP: 60/60 MP: 2/2
    11 | D        | Reached XP level 4. HP: 69/69 MP: 3/3
    11 | D        | Reached XP level 5. HP: 75/75 MP: 4/4
    11 | D        | Reached XP level 6. HP: 83/83 MP: 5/5
    11 | D        | Reached XP level 7. HP: 91/91 MP: 6/6
    11 | D        | Reached XP level 8. HP: 99/99 MP: 7/7
    11 | D        | Reached XP level 9. HP: 105/105 MP: 8/8
    11 | D        | Reached XP level 10. HP: 114/114 MP: 9/9
    11 | D        | Reached XP level 11. HP: 121/121 MP: 10/10
    11 | D        | Killed a bag of meat
    11 | D        | Reached * piety under Makhleb
    11 | D        | Reached skill level 1 in Axes
    11 | D        | Reached XP level 12. HP: 136/136 MP: 11/11
    11 | D        | Noticed a bag of meat
    12 | D        | Killed a bag of meat
    12 | D        | Reached XP level 13. HP: 131/147 MP: 12/12
    12 | D        | Killed a bag of meat
    12 | D        | Reached ** piety under Makhleb
    12 | D        | Reached XP level 14. HP: 159/159 MP: 13/13
    12 | D        | Killed a bag of meat
    12 | D        | Reached skill level 5 in Axes
    13 | D        | Noticed a bag of meat
    13 | D        | Killed a meat berserker
    13 | D        | Reached *** piety under Makhleb
    13 | D        | Reached skill level 27 in Fighting
    13 | D        | Reached skill level 27 in Armour
    13 | D        | Reached skill level 27 in Shields
    13 | D        | Reached skill level 15 in Unarmed Combat
    13 | D        | Reached XP level 15. HP: 160/174 MP: 14/14
    14 | D        | Noticed a meat berserker
    14 | D        | Noticed a meat berserker
    15 | D        | Noticed a meat berserker
    15 | D        | Reached **** piety under Makhleb
    15 | D        | Reached XP level 16. HP: 183/183 MP: 15/15
    16 | D        | Noticed a meat berserker
    16 | D        | Noticed a meat berserker
    17 | D        | Noticed a large bag of meat
    18 | D        | Noticed a meat berserker
    18 | D        | Noticed a destroyer
    18 | D        | Noticed a large bag of meat
    18 | D        | Noticed a meat berserker
    18 | D        | Killed a meat berserker
    19 | D        | Noticed a meat berserker
    19 | D        | Killed a meat berserker
    19 | D        | Reached skill level 27 in Axes
    19 | D        | Reached skill level 27 in Unarmed Combat
    19 | D        | Reached XP level 17. HP: 191/191 MP: 16/16
    19 | D        | Killed a meat berserker
    19 | D        | Reached skill level 10 in Dodging
    20 | D        | Noticed a meat berserker
    20 | D        | Killed a meat berserker
    20 | D        | Reached ***** piety under Makhleb
    20 | D        | Reached XP level 18. HP: 200/200 MP: 16/30
    21 | D        | Reached skill level 15 in Dodging
    21 | D        | Reached skill level 10 in Spellcasting
    21 | D        | Killed a destroyer
    21 | D        | Reached XP level 19. HP: 207/207 MP: 16/34
    22 | D        | Killed a meat berserker
    22 | D        | Killed a meat berserker
    22 | D        | Reached skill level 15 in Spellcasting
    23 | D        | Noticed a meat berserker
    23 | D        | Reached XP level 20. HP: 216/216 MP: 16/39
    23 | D        | Killed a meat berserker
    23 | D        | Reached ****** piety under Makhleb
    24 | D        | Noticed a destroyer
    24 | D        | Reached XP level 21. HP: 224/224 MP: 16/42
    25 | D        | Reached skill level 27 in Dodging
    26 | D        | Reached skill level 27 in Throwing
    26 | D        | Reached skill level 27 in Invocations
    26 | D        | Reached skill level 27 in Stealth
    26 | D        | Reached XP level 22. HP: 233/233 MP: 17/48
    30 | D        | Noticed a destroyer
    30 | D        | Noticed a destroyer
    30 | D        | Reached skill level 27 in Spellcasting
    31 | D        | Reached XP level 23. HP: 240/240 MP: 18/53
    33 | D        | Noticed a destroyer
    33 | D        | Reached XP level 24. HP: 249/249 MP: 18/53
    33 | D        | Killed a destroyer
    35 | D        | Reached XP level 25. HP: 257/257 MP: 19/53
    35 | D        | Killed a destroyer
    36 | D        | Noticed a destroyer
    36 | D        | Killed a destroyer
    36 | D        | Reached XP level 26. HP: 266/266 MP: 19/53
    37 | D        | Noticed a destroyer
    38 | D        | Noticed a destroyer
    39 | D        | Killed a destroyer
    40 | D        | Killed a destroyer
    40 | D        | Reached XP level 27. HP: 273/273 MP: 20/53
    40 | D        | Killed a destroyer
    41 | D        | Noticed a destroyer
    42 | D        | Noticed a destroyer
    42 | D        | Noticed a destroyer
    44 | D        | Killed a destroyer
    45 | D        | Killed a destroyer
    51 | D        | Killed a destroyer
    52 | D        | Noticed an accursed
    58 | D        | Killed a destroyer
    60 | D        | Noticed a destroyer
    61 | D        | Noticed a destroyer
    61 | D        | Noticed an accursed
    62 | D        | Noticed a destroyer
    63 | D        | Killed a destroyer
    64 | D        | Killed a destroyer
    65 | D        | Noticed a destroyer
    66 | D        | Noticed a tyrant
    66 | D        | Noticed a meat beast
    68 | D        | Killed a destroyer
    69 | D        | Noticed a dread
    69 | D        | Noticed a dread
    70 | D        | Noticed a meat beast
    70 | D        | Noticed a dread
    70 | D        | Killed a meat beast
    71 | D        | Killed a destroyer
    73 | D        | Noticed a dread
    74 | D        | Killed a meat beast
    74 | D        | Killed an accursed
    77 | D        | Noticed a meat beast
    79 | D        | Killed from afar by a tyrant

Vault maps used:
D:        meatsprint

Skill      XL: |  1  2  3  4  5  6  7  8  9 10 11 12 13 14 15 16 17 18 19 20 21 22 |
---------------+-------------------------------------------------------------------+-----
Fighting       | 18 21 22 24 27 | 27.0
Armour         | 18 21 22 24 27 | 27.0
Shields        | 18 21 22 23 27 | 27.0
Unarmed Combat | 9 11 12 13 15 21 27 | 27.0
Axes           | 1 3 4 9 17 27 | 27.0
Throwing       | 13 17 21 24 27 | 27.0
Dodging        | 14 18 22 26 27 | 27.0
Stealth        | 12 16 19 23 27 | 27.0
Spellcasting   | 9 12 16 18 23 27 | 27.0
Invocations    | 13 17 21 24 27 | 27.0

Action                   |  1- 3 |  4- 6 |  7- 9 | 10-12 | 13-15 | 16-18 | 19-21 | 22-24 | 25-27 || total
-------------------------+-------+-------+-------+-------+-------+-------+-------+-------+-------++-------
Melee: Executioner's axe |     1 |       |       |     1 |     2 |     3 |     4 |     8 |    37 ||    56
Invok: Greater Servant o |       |       |       |       |       |       |       |       |     4 ||     4
Armor: Scale mail        |       |       |       |       |       |       |       |     1 |     2 ||     3
